 Dungeon Crawl Stone Soup version 0.24.0-28-g17ded55e90 (webtiles) character file.

Game seed: 6596627832216648743, levelgen mode: deterministic

2760 Nattfarinn the Tainter (level 9, -1/51 HPs)
             Began as an Octopode Venom Mage on Nov 12, 2019.
             Slain by a two-headed ogre
             ... wielding a +0 giant spiked club
              (14 damage)
             ... on level 7 of the Dungeon.
             The game lasted 00:26:46 (8830 turns).

Nattfarinn the Tainter (Octopode Venom Mage)        Turns: 8830, Time: 00:26:47

Health: -1/51      AC:  3    Str:  7      XL:     9   Next: 69%
Magic:  16/18      EV: 13    Int: 20      God:
Gold:   277        SH:  0    Dex: 10 (11) Spells: 5/20 levels left

rFire    . . .     SeeInvis .   q - +2 dagger (elec)
rCold    . . .     Gourm    .   (no shield)
rNeg     . . .     Faith    .   (helmet restricted)
rPois    .         Spirit   .   (no amulet)
rElec    .         Reflect  .   p - ring of stealth
rCorr    .         Harm     .   (no ring)
MR       .....                  (no ring)
Stlth    ++++......             (no ring)
HPRegen  0.17/turn              (no ring)
MPRegen  0.16/turn              (no ring)
                                (no ring)
                                (no ring)

@: no status effects
A: almost no armour, stealthy swim, amphibious, 8 rings, constrict 8, slimy
green scales 1, camouflage 1, clumsy 1, gelatinous body 1, subdued magic 1
a: no special abilities


You were on level 7 of the Dungeon.
You were not hungry.

You visited 1 branch of the dungeon, and saw 8 of its levels.
You also visited: Ossuary.

You collected 277 gold pieces.

Inventory:

Hand Weapons
 g - a +2 mace of protection
 k - a +2 short sword of draining
 q - a +2 dagger of electrocution (weapon)
Missiles
 d - 5 atropa-tipped darts (quivered)
Jewellery
 p - a ring of stealth (left tentacle)
Wands
 m - a wand of polymorph (5)
 v - a wand of paralysis (6)
Scrolls
 a - 2 scrolls of enchant armour
 c - 3 scrolls of fog
 e - 9 scrolls of identify
 h - 4 scrolls of remove curse {unknown}
 i - 3 scrolls of magic mapping
 j - 2 scrolls of blinking {unknown}
 l - 5 scrolls of teleportation
 r - a scroll of amnesia {unknown}
 y - 2 scrolls of enchant weapon {unknown}
Potions
 f - 4 potions of brilliance
 n - a potion of haste
 o - a potion of might
 s - a potion of berserk rage {unknown}
 t - a potion of magic {unknown}
 w - a potion of resistance
 x - 3 potions of degeneration {unknown}
Comestibles
 b - 9 rations


   Skills:
 - Level 2.0 Dodging
 - Level 2.6 Stealth
 + Level 6.2 Spellcasting
 + Level 6.4 Conjurations
 * Level 11.4 Poison Magic


You had 5 spell levels left.
You knew the following spells:

 Your Spells              Type           Power        Failure   Level  Hunger
a - Sting                 Conj/Pois      ####         1%          1    None
b - Mephitic Cloud        Conj/Pois/Air  ###.....     1%          3    ##.....
c - Olgreb's Toxic Radia  Pois           #####...     1%          4    ####...
d - Magic Dart            Conj           ###.         1%          1    None
e - Searing Ray           Conj           ###...       1%          2    None
f - Iskenderun's Mystic   Conj           ###.....     5%          4    ####...

Your spell library contained the following spells:

 Spells                   Type           Power        Failure   Level  Hunger
 Poisonous Vapours        Pois/Air       ###...       1%          2    None
 Venom Bolt               Conj/Pois      ####......   5%          5    #####..
 Conjure Flame            Conj/Fire      ##......     7%          3    ##.....
 Dazzling Spray           Conj/Hex       ##....       7%          3    ##.....
 Blink                    Tloc           N/A          13%         2    None
 Call Imp                 Summ           #.......     13%         2    None
 Slow                     Hex            #.......     13%         2    None
 Force Lance              Conj/Tloc      ##......     22%         4    ####...
 Fulminant Prism          Conj/Hex       ##........   22%         4    ####...


Dungeon Overview and Level Annotations

Branches:
Dungeon (8/15)            Ossuary (visited)
 Temple: D:4-7         Lair: D:8-11

Altars:
Makhleb
Nemelex Xobeh

Shops:
D:7 *


Innate Abilities, Weirdness & Mutations

You cannot wear most types of armour.
You are very stealthy in the water. (Stealth+)
You are amphibious.
You can wear up to eight rings at the same time.
You can use your tentacles to constrict eight enemies at once.
Your skin changes colour to match your surroundings (Stealth+).
Your rubbery body absorbs attacks. (AC +1, EV +1)
You are partially covered in slimy green scales. (AC +2)
You are clumsy. (Dex -2)
Your spells are a little easier to cast, but a little less powerful.


Message History

The two-headed ogre hits you with a +0 giant spiked club!
The two-headed ogre hits you with a +0 dire flail of crushing!!
* * * LOW HITPOINT WARNING * * *
You climb upwards.
There is a stone staircase leading down here.
Okay, then.
Okay, then.
Casting: Sting (safe; 1% risk of failure)
Confirm with . or Enter, or press ? or * to list all spells.
Okay, then.
Casting: Sting (safe; 1% risk of failure)
Confirm with . or Enter, or press ? or * to list all spells.
Aiming: Sting (safe; 1% risk of failure)
Press: ? - help, Shift-Dir - straight line, f - two-headed ogre
Aim: a two-headed ogre, wielding a +0 giant spiked club and a +0 dire flail of crushing (severely wounded, poisoned)
The sting hits the two-headed ogre.
The two-headed ogre looks even sicker.
The two-headed ogre is almost dead.
The two-headed ogre closely misses you.
The two-headed ogre hits you with a +0 dire flail of crushing!
You die...

...............≈...##.#
##.
######...###.......##.#
##.. # #.###
#####.####.# ######.##
#.# #.# #.# #......# #
#.# #.# #.###.####.## #
#.# #.# #.....# ##.. #
#.# #.# #############.
# #.# #O#
#............. # #.#
#@# #.############
######.#########.# #.#
...............<.# #.#
######.#############)#
#...............#
#################


You could see a two-headed ogre.

Vanquished Creatures
  A hippogriff (D:5)
  2 orc warriors
  A sky beast (D:6)
  A necrophage (D:6)
  4 ogres
  A bullfrog (D:7)
  6 water moccasin zombies
  7 killer bees (D:7)
  A howler monkey (D:4)
  5 crimson imps
  2 jellies
  A quasit (D:7)
  6 hounds
  2 orc priests
  5 orc wizards
  Terence (D:1)
  An iguana (D:5)
  4 worker ants
  3 big kobold zombies (Ossuary)
  2 mummies (Ossuary)
  A howler monkey skeleton (D:7)
  11 adders
  2 white imps
  An ooze (D:2)
  3 adder zombies (Ossuary)
  2 worms (D:2)
  A dart slug (D:2)
  9 leopard geckos
  19 orcs
  6 bats
  2 giant cockroaches
  8 hobgoblins
  9 jackals
  3 quokkas
  7 frilled lizards
  2 gnoll zombies (Ossuary)
  7 goblins
  3 hobgoblin zombies (Ossuary)
  A jackal zombie (D:5)
  9 kobolds
  3 kobold zombies (Ossuary)
  2 orc zombies (Ossuary)
  4 rats
171 creatures vanquished.

Notes
Turn   | Place    | Note
-------+----------+-------------------------------------------
     0 | D:1      | Nattfarinn the Octopode Venom Mage began the quest for the
                  | Orb.
     0 | D:1      | Reached XP level 1. HP: 11/11 MP: 3/3
   259 | D:1      | Reached XP level 2. HP: 13/17 MP: 3/5
   275 | D:1      | Reached skill level 4 in Poison Magic
   586 | D:2      | Noticed Terence
   614 | D:1      | Killed Terence
   614 | D:1      | Reached XP level 3. HP: 6/21 MP: 2/6
   940 | D:2      | Reached XP level 4. HP: 18/27 MP: 3/7
  1299 | D:2      | Reached skill level 5 in Poison Magic
  2012 | D:2      | Reached XP level 5. HP: 17/31 MP: 3/9
  2325 | D:3      | Noticed Grinder
  2337 | D:2      | Learned a level 3 spell: Mephitic Cloud
  2648 | D:2      | Gained mutation: You are partially covered in slimy green
                  | scales. (AC +2) [potion of mutation]
  2648 | D:2      | Gained mutation: Your spells are a little easier to cast,
                  | but a little less powerful. [potion of mutation]
  2648 | D:2      | Gained mutation: You are robust. (+10% HP) [potion of
                  | mutation]
  2648 | D:2      | HP: 1/34 [poisoned by an adder]
  3097 | D:3      | Noticed Grinder
  3097 | D:3      | Grinder changed into Grinder the iron imp
  3103 | D:3      | Noticed Grinder
  3103 | D:3      | Grinder the iron imp changed into Grinder the white imp
  3112 | D:3      | Killed Grinder the white imp
  3957 | D:4      | Reached skill level 6 in Poison Magic
  3957 | D:4      | Reached XP level 6. HP: 39/39 MP: 5/10
  3999 | D:4      | Found a sand-covered staircase.
  4015 | Ossuary  | Entered an ossuary
  4640 | Ossuary  | Reached skill level 7 in Poison Magic
  4640 | Ossuary  | Reached XP level 7. HP: 29/45 MP: 12/12
  5713 | D:4      | Reached skill level 8 in Poison Magic
  5850 | D:4      | Learned a level 4 spell: Olgreb's Toxic Radiance
  5907 | D:5      | Entered Level 5 of the Dungeon
  5945 | D:5      | Reached XP level 8. HP: 50/50 MP: 6/14
  6303 | D:5      | Found a sparkling altar of Nemelex Xobeh.
  6414 | D:5      | Noticed a hippogriff
  6429 | D:5      | Killed a hippogriff
  6429 | D:5      | Reached skill level 5 in Spellcasting
  6429 | D:5      | Reached skill level 9 in Poison Magic
  6712 | D:6      | Reached skill level 5 in Conjurations
  7082 | D:6      | Reached skill level 10 in Poison Magic
  7380 | D:6      | Reached XP level 9. HP: 47/55 MP: 13/17
  7503 | D:7      | Found Pimmufai's Elemental Accessories.
  8045 | D:7      | HP: 1/55 [killer bee (9)]
  8083 | D:7      | Reached skill level 11 in Poison Magic
  8351 | D:7      | Learned a level 1 spell: Magic Dart
  8354 | D:7      | Learned a level 2 spell: Searing Ray
  8359 | D:7      | Learned a level 4 spell: Iskenderun's Mystic Blast
  8567 | D:7      | Found a burning altar of Makhleb.
  8759 | D:8      | Noticed a two-headed ogre
  8783 | D:7      | Lost mutation: You are robust. (+10% HP) [potion of
                  | mutation]
  8783 | D:7      | Gained mutation: You are clumsy. (Dex -2) [potion of
                  | mutation]
  8783 | D:7      | Gained mutation: You are very clumsy. (Dex -4) [potion of
                  | mutation]
  8783 | D:7      | Lost mutation: You are very clumsy. (Dex -4) [potion of
                  | mutation]
  8830 | D:7      | Slain by a two-headed ogre

Levels and vault maps discovered:
D:1:      lightli_arrival_chessboard, layout_loops_ring
D:2:      layout_basic, minmay_domino_2, uniq_terence
D:3:      layout_basic, first_ration, uniq_grinder
D:4:      layout_basic, nicolae_ossuary_entry_monument
D:5:      layout_rooms, nemelex_xobeh_ov_fountains_minmay
D:6:      layout_basic, minmay_temple_entry_enclosed_plants,
          minmay_fire_ice_demons
D:7:      layout_loops_ring, basic_altar, grunt_decor_fettered,
          nicolae_elemental_shop
D:8:      layout_gridville, dpeg_lair_monsters, ebering_ghost_xom,
          grunt_pizzeria, nicolae_alphabet_shops, minmay_crystal_room,
          st_stairs_13, minmay_misc_feat_x, nicolae_benzene_ring,
          minmay_misc_feat_chi, uniq_psyche, uniq_harold

Skill      XL: |  1  2  3  4  5  6  7  8  9 |
---------------+----------------------------+-----
Poison Magic   | 4 5 6 7 8 10 11 | 11.4
Conjurations   | 2 3 4 5 6 |  6.4
Spellcasting   | 3 4 5 6 |  6.2
Dodging        | |  2.0
Stealth        | |  2.6

Action                   |  1- 3 |  4- 6 |  7- 9 || total
-------------------------+-------+-------+-------++-------
Melee: Unarmed           |    31 |    11 |       ||    42
       Constrict         |     8 |    25 |    40 ||    73
       Tentacles         |     8 |    15 |    32 ||    55
       Short sword       |       |    39 |       ||    39
       Dagger            |       |    54 |   162 ||   216
Throw: Dart              |     1 |       |       ||     1
 Cast: Sting             |    31 |   102 |   115 ||   248
       Olgreb's Toxic Ra |       |       |     8 ||     8
       Mephitic Cloud    |       |       |     6 ||     6
       Magic Dart        |       |       |     5 ||     5
       Iskenderun's Myst |       |       |     2 ||     2
Evoke: Wand              |       |     5 |       ||     5
  Use: Potion            |       |     7 |     5 ||    12
       Scroll            |       |     4 |     1 ||     5
 Stab: Sleeping          |     1 |     3 |     7 ||    11
       Confused          |       |       |     3 ||     3
  Eat: Chunk             |       |    10 |    13 ||    23
       Ration            |       |     1 |       ||     1
Armor: Skin              |     7 |    14 |    17 ||    38
Dodge: Dodged            |    18 |    80 |   120 ||   218
